 Dungeon Crawl Stone Soup version 0.31.0-12-g77e489cdc1 (webtiles) character file.

Game seed: 14292923615103873646

961 NotreDorf the Ducker (level 8, -4/63 HPs)
             Began as a Gnoll Gladiator on Feb 12, 2024.
             Slain by Edmund
             ... wielding a +2 dire flail of venom
              (13 damage)
             ... on level 5 of the Dungeon.
             The game lasted 00:08:30 (3064 turns).

NotreDorf the Ducker (Gnoll Gladiator)              Turns: 3064, Time: 00:08:33

Health: -4/63      AC:  6    Str: 15    XL:     8   Next: 15%
Magic:  12/12      EV: 15    Int:  7    God:
Gold:   179        SH:  0    Dex: 15    Spells: 13/13 levels left

rFire   + . .        w - +2 scythe (flame)
rCold   . . .        (shield currently unavailable)
rNeg    . . .        b - +0 leather armour
rPois   .            c - +0 helmet
rElec   .            y - +0 cloak
rCorr   .            (no gloves)
SInv    .            r - +0 pair of boots
Will    .....        (no amulet)
Stlth   ++           k - ring of protection from fire
HPRegen 0.30/turn    (no ring)
MPRegen 0.13/turn

%: no passive effects
@: lethally poisoned (-4 -> -35)
A: fangs 1, strong nose, distributed training
a: no special abilities


You were on level 5 of the Dungeon.
You visited 1 branch of the dungeon, and saw 5 of its levels.

You collected 179 gold pieces.

Inventory:

Hand Weapons
 a - a +0 trident
 l - a +0 war axe
 s - a +3 dagger of draining
 w - a +2 scythe of flaming (weapon)
Missiles
 d - 3 throwing nets (quivered)
 e - a javelin
Armour
 b - a +0 leather armour (worn)
 c - a +0 helmet (worn)
 r - a +0 pair of boots (worn)
 y - a +0 cloak (worn)
Jewellery
 k - a ring of protection from fire (left hand)
Scrolls
 f - 4 scrolls of identify {unknown}
 g - 3 scrolls of poison {unknown}
 h - a scroll of enchant armour {unknown}
 i - 2 scrolls of fog {unknown}
 j - a scroll of torment {unknown}
 m - 2 scrolls of enchant weapon {unknown}
 n - 3 scrolls of teleportation {unknown}
 q - a scroll of immolation {unknown}
 u - a scroll of noise {unknown}
 v - a scroll of fear {unknown}
 x - a scroll of vulnerability {unknown}
 B - a scroll of revelation {unknown}
Potions
 o - a potion of resistance {unknown}
 p - a potion of heal wounds
 t - a potion of magic {unknown}
 z - a potion of enlightenment {unknown}
 A - a potion of invisibility {unknown}


   Skills:
 + Level 5.6 Fighting
 + Level 3.1 Short Blades
 + Level 3.1 Long Blades
 + Level 3.1 Axes
 + Level 3.1 Maces & Flails
 + Level 7.3 Polearms
 + Level 3.1 Staves
 + Level 3.1 Ranged Weapons
 + Level 5.6 Throwing
 + Level 3.1 Armour
 + Level 7.3 Dodging
 + Level 3.1 Stealth
 + Level 3.1 Shields
 + Level 3.1 Unarmed Combat
 + Level 3.1 Spellcasting
 + Level 2.5 Conjurations
 + Level 2.5 Hexes
 + Level 2.5 Summonings
 + Level 2.5 Necromancy
 + Level 2.5 Translocations
 + Level 2.5 Fire Magic
 + Level 2.5 Ice Magic
 + Level 2.5 Air Magic
 + Level 2.5 Earth Magic
 + Level 2.5 Alchemy
 + Level 3.4 Invocations
 + Level 3.1 Evocations
 + Level 2.8 Shapeshifting


You had 13 spell levels left.
You didn't know any spells.
Your spell library contained the following spells:

 Spells                   Type           Power      Damage    Failure   Level
 Apportation              Tloc           8%         N/A       16%         1
 Jinxbite                 Hex            8%         N/A       22%         2
 Alistair's Intoxication  Alch           2%         N/A       99%         5


Dungeon Overview and Level Annotations

Branches:
Dungeon (5/15)
 Temple: D:4-7

Altars:
Ru
Sif Muna
Vehumet

Annotations:
D:5 Edmund


Innate Abilities, Weirdness & Mutations

You have very sharp teeth.
Your uncanny sense of smell can sniff out nearby items.
Your experience applies equally to all skills.


Message History

You kill the water moccasin!
You feel sick.
You start resting.
You feel sick. x2
You are no longer poisoned.
You start resting.
HP restored.
Found a stone staircase leading up.
i - 2 scrolls labelled YZXYEK VECA (gained 1)
Found a radiant altar of Vehumet.
Edmund the Younger comes into view.
He is wielding a +2 dire flail of venom.
Edmund shouts!
You hit Edmund. You burn Edmund. You bite Edmund, but do no damage.
Edmund is moderately wounded.
Edmund hits you but does no damage.
You are poisoned.
You closely miss Edmund.
Edmund is moderately wounded.
You feel sick.
Edmund hits you with a +2 dire flail of venom!
You are more poisoned.
You barely miss Edmund.
Edmund is moderately wounded.
You feel very sick.
Edmund hits you with a +2 dire flail of venom!
You are more poisoned.
You puncture Edmund! You burn Edmund.
Edmund is severely wounded.
You feel extremely sick.
Edmund hits you with a +2 dire flail of venom!
You are more poisoned.
Edmund barely misses you.
You are too injured to fight recklessly!
You are too injured to fight recklessly!
You barely miss Edmund. Your bite misses Edmund.
Edmund is severely wounded.
* * * LOW HITPOINT WARNING * * *
You feel extremely sick.
Edmund hits you with a +2 dire flail of venom!
You die...
Edmund whines, "They better pay attention to me now!"

#..####.._ #.......#
#.####### #.# #.# #.#
#.#
###.#################
#............@@......
###.#################
###


You could see Edmund.

Vanquished Creatures
  Sigmund (D:3)
  A water moccasin (D:5)
  An ogre (D:4)
  A kobold brigand (D:4)
  A bullfrog (D:4)
  A scorpion (D:4)
  A bombardier beetle (D:5)
  A hound (D:4)
  2 sleepcaps (D:4)
  An iguana (D:4)
  3 orc wizards (D:4)
  2 adders (D:4)
  8 gnolls
  2 ufetubi (D:4)
  A ribbon worm (D:2)
  3 dart slugs
  7 orcs (D:4)
  6 bats
  8 endoplasms
  4 hobgoblins
  A quokka (D:2)
  10 ball pythons
  5 frilled lizards
  3 goblins
  6 kobolds
  6 rats
86 creatures vanquished.

Notes
Turn   | Place    | Note
-------+----------+-------------------------------------------
     0 | D:1      | NotreDorf the Gnoll Gladiator began the quest for the Orb.
     0 | D:1      | Reached XP level 1. HP: 20/20 MP: 1/1
   206 | D:1      | Reached XP level 2. HP: 26/26 MP: 2/2
   674 | D:2      | Reached XP level 3. HP: 26/31 MP: 3/3
   761 | D:2      | Found a sacrificial altar of Ru.
   792 | D:2      | Reached skill level 1 in Invocations
   951 | D:2      | Reached skill level 1 in Short Blades
   951 | D:2      | Reached skill level 1 in Long Blades
   951 | D:2      | Reached skill level 1 in Axes
   951 | D:2      | Reached skill level 1 in Maces & Flails
   951 | D:2      | Reached skill level 1 in Staves
   951 | D:2      | Reached skill level 1 in Ranged Weapons
   951 | D:2      | Reached skill level 1 in Armour
   951 | D:2      | Reached skill level 1 in Stealth
   951 | D:2      | Reached skill level 1 in Shields
   951 | D:2      | Reached skill level 1 in Unarmed Combat
   951 | D:2      | Reached skill level 1 in Spellcasting
   951 | D:2      | Reached skill level 1 in Evocations
  1292 | D:3      | Reached skill level 1 in Shapeshifting
  1292 | D:3      | Reached XP level 4. HP: 35/38 MP: 5/5
  1315 | D:3      | Reached skill level 1 in Conjurations
  1315 | D:3      | Reached skill level 1 in Hexes
  1315 | D:3      | Reached skill level 1 in Summonings
  1315 | D:3      | Reached skill level 1 in Necromancy
  1315 | D:3      | Reached skill level 1 in Translocations
  1315 | D:3      | Reached skill level 1 in Fire Magic
  1315 | D:3      | Reached skill level 1 in Ice Magic
  1315 | D:3      | Reached skill level 1 in Air Magic
  1315 | D:3      | Reached skill level 1 in Earth Magic
  1315 | D:3      | Reached skill level 1 in Alchemy
  1617 | D:3      | Noticed Sigmund
  1629 | D:3      | Killed Sigmund
  1630 | D:3      | Reached XP level 5. HP: 31/43 MP: 5/7
  1630 | D:3      | Reached XP level 6. HP: 36/50 MP: 5/8
  1687 | D:3      | Found a shimmering blue altar of Sif Muna.
  1699 | D:3      | Reached skill level 5 in Fighting
  1699 | D:3      | Reached skill level 5 in Throwing
  2331 | D:4      | Reached XP level 7. HP: 56/56 MP: 10/10
  2754 | D:5      | Entered Level 5 of the Dungeon
  2762 | D:5      | Reached XP level 8. HP: 63/63 MP: 12/12
  3041 | D:5      | Found a radiant altar of Vehumet.
  3055 | D:5      | Noticed Edmund
  3064 | D:5      | Slain by Edmund

Illustrated notes

Levels and vault maps discovered:
D:1:      eino_arrival_druids_welcome, layout_basic
D:2:      layout_rooms, basic_altar, amcnicky_mini_rare_corridor_liquid
D:3:      layout_loops_cross, nicolae_overflow_crystal_walls, uniq_sigmund
D:4:      layout_loops_cross
D:5:      layout_basic, lemuel_crystal_altar, temple_fountains,
          kennysheep_small_square, uniq_duvessa, uniq_pikel, uniq_edmund

Skill      XL: |  1  2  3  4  5  6  7 |
---------------+----------------------+-----
Invocations    | 1 2 3 |  3.4
Short Blades   | 1 2 3 |  3.1
Long Blades    | 1 2 3 |  3.1
Axes           | 1 2 3 |  3.1
Maces & Flails | 1 2 3 |  3.1
Staves         | 1 2 3 |  3.1
Ranged Weapons | 1 2 3 |  3.1
Armour         | 1 2 3 |  3.1
Stealth        | 1 2 3 |  3.1
Shields        | 1 2 3 |  3.1
Unarmed Combat | 1 2 3 |  3.1
Spellcasting   | 1 2 3 |  3.1
Evocations     | 1 2 3 |  3.1
Shapeshifting  | 1 2 |  2.8
Conjurations   | 1 2 |  2.5
Hexes          | 1 2 |  2.5
Summonings     | 1 2 |  2.5
Necromancy     | 1 2 |  2.5
Translocations | 1 2 |  2.5
Fire Magic     | 1 2 |  2.5
Ice Magic      | 1 2 |  2.5
Air Magic      | 1 2 |  2.5
Earth Magic    | 1 2 |  2.5
Alchemy        | 1 2 |  2.5
Fighting       | 5 |  5.6
Throwing       | 5 |  5.6
Polearms       | 7 |  7.3
Dodging        | 7 |  7.3

Action                     |  1- 3 |  4- 6 |  7- 9 || total
---------------------------+-------+-------+-------++-------
  Melee: Trident           |   118 |    43 |       ||   161
         Bite              |    12 |     9 |    12 ||    33
         War axe           |     7 |       |       ||     7
         Punch             |     2 |     1 |       ||     3
         Halberd           |       |    35 |    75 ||   110
  Throw: Throwing net      |       |     1 |       ||     1
    Use: Potion            |       |       |     2 ||     2
   Stab: Sleeping          |     1 |     4 |     2 ||     7
 Armour: Leather armour    |    41 |    15 |    32 ||    88
  Dodge: Dodged            |    83 |    39 |    33 ||   155
